 Dungeon Crawl Stone Soup version 0.21.0-3-g78d12a8 (webtiles) character file.

5066 Monsterracer the Cleaver (level 10, -12/90 HPs)
             Began as a Hill Orc Warper on Jan 9, 2018.
             Was an Elder of Zin.
             Killed from afar by a green death (22 damage)
             ... with a bolt of poison
             ... on level 1 of the Abyss.
             The game lasted 00:13:48 (10748 turns).

Monsterracer the Cleaver (Hill Orc Warper)         Turns: 10748, Time: 00:13:48

Health: -12/90     AC: 16    Str: 26    XL:     10   Next: 56%
Magic:  15/15      EV:  9    Int: 13    God:    Zin [****..]
Gold:   402        SH:  0    Dex: 10    Spells: 12/12 levels left

rFire    . . .     SeeInvis .   a - +1 war axe
rCold    . . .     Gourm    .   (no shield)
rNeg     . . .     Faith    .   c - +0 chain mail
rPois    .         Spirit   .   F - +0 helmet
rElec    .         Reflect  .   u - +2 cloak
rCorr    .         Harm     .   y - +0 pair of gloves
MR       .....                  (no boots)
Stlth    ..........             (no amulet)
HPRegen  0.25/turn              t - +3 ring of strength
MPRegen  0.14/turn              l - ring of stealth

@: mighty, lethally poisoned (-12 -> -36), about to teleport
A: no striking features
a: Recite, Vitalisation, Imprison, Donate Gold, Renounce Religion


You were on level 1 of the Abyss.
You worshipped Zin.
Zin was greatly pleased with you.
You were not hungry.

You visited 2 branches of the dungeon, and saw 10 of its levels.
You visited the Abyss 1 time.
You also visited: Sewer.

You collected 446 gold pieces.
You donated 44 gold pieces to Zin.

Inventory:

Hand Weapons
 a - a +1 war axe (weapon)
 b - a +0 flail
Missiles
 e - 4 tomahawks of dispersal
 p - 4 tomahawks (quivered)
 E - a throwing net
Armour
 c - a +0 chain mail (worn)
 u - a +2 cloak (worn)
 y - a +0 pair of gloves (worn)
 F - a +0 helmet (worn)
Jewellery
 l - a ring of stealth (right hand)
 t - a +3 ring of strength (left hand)
 C - an uncursed ring of flight
Wands
 o - a wand of flame (10)
 r - a wand of enslavement (16)
 x - a wand of disintegration (10)
Scrolls
 d - 3 scrolls of blinking
 g - 2 scrolls of remove curse
 i - 10 scrolls of teleportation
 q - 3 scrolls of enchant weapon
 s - 2 scrolls of fear {!r}
 B - 2 scrolls of fog
Potions
 h - a potion of resistance
 j - 2 potions of brilliance
 k - a potion of might
 n - 3 potions of invisibility
 v - 3 potions of flight
 w - 2 potions of agility
 z - 3 potions of heal wounds
Comestibles
 m - 18 rations
 A - 3 chunks of flesh


   Skills:
 + Level 8.5 Fighting
 * Level 13.1 Axes
 - Level 0.8 Throwing
 + Level 7.5 Armour
 - Level 2.3 Dodging
 - Level 1.5 Spellcasting
   Level 2.4 Translocations
 + Level 7.1 Invocations


You had 12 spell levels left.
You didn't know any spells.

Dungeon Overview and Level Annotations

Branches:
Dungeon (9/15)             Temple (1/1) D:5
   Lair: D:8-11         Orc: D:9-12

Altars:
Ashenzari
Cheibriados
Dithmenos
Elyvilon
Fedhas
Gozag
Hepliaklqana
Kikubaaqudgha
Makhleb
Nemelex Xobeh
Okawaru
Qazlal
Ru
Sif Muna
Trog
Uskayaw
Vehumet
Wu Jian
Xom
Yredelemnul
Zin
The Shining One

Shops:
D:9 (

Annotations:
D:9 Erolcha


Message History

The black bear claws you but does no damage.
You take 1 damage, and have 85/90 hp. "...I may strike down you now for your uncleanliness!'" You finish reciting Abominations 9:12.
The black bear closely misses you. The black bear claws you.
The black bear claws you but does no damage.
You take 4 damage, and have 81/90 hp.
You're not ready to recite again yet.
You slash the black bear!
The black bear is moderately wounded.
The black bear bites you. The black bear claws you.
The black bear claws you but does no damage.
You take 2 damage, and have 79/90 hp.
You hit the black bear.
The black bear is moderately wounded.
The black bear bites you.
The black bear claws you but does no damage. x2
You take 3 damage, and have 76/90 hp.
You hit the black bear but do no damage.
The black bear is moderately wounded.
The black bear closely misses you.
The black bear claws you but does no damage. x2
You slash the black bear!
The black bear is almost dead.
The black bear goes berserk!
You completely miss the black bear.
The black bear is almost dead.
The black bear bites you! The black bear claws you.
The black bear claws you but does no damage.
You take 14 damage, and have 62/90 hp.
You hit the black bear.
The black bear is almost dead.
The black bear bites you. The black bear barely misses you.
The black bear claws you but does no damage.
Erolcha casts a spell.
Erolcha flickers and vanishes!
Deactivating autopickup; reactivate with Ctrl-A.
You take 5 damage, and have 57/90 hp.
You barely miss the black bear.
The black bear is almost dead.
The black bear bites you. The black bear misses you.
The black bear claws you but does no damage.
The black bear closely misses you. The black bear claws you.
The black bear claws you but does no damage.
You take 6 damage, and have 51/90 hp.
You slash the black bear!
You kill the black bear!
You barely miss something.
Unknown command.
You closely miss something. Something hits you.
You take 5 damage, and have 46/90 hp.
You miss something. Something hits you!
* * * LOW HITPOINT WARNING * * *
You take 17 damage, and have 29/90 hp.
You barely miss something.
It was a potion of cancellation.
You feel magically purged. Something hits you!!
* * * LOW HITPOINT WARNING * * *
You take 21 damage, and have 8/90 hp.
MASSIVE DAMAGE!!
You feel very mighty all of a sudden. Something hits you.
* * * LOW HITPOINT WARNING * * *
You take 5 damage, and have 3/90 hp.
You feel much better. Something hits you.
* * * LOW HITPOINT WARNING * * *
You regained 18 hp, and now have 21/90 hp.
You slice something!! You barely miss something.
You hear some strange, mumbled words.
You are cast into the Abyss!
To return, you must find a gate leading back.
Killing monsters will force the Abyss to allow you passage.
This branch contains the abyssal rune of Zot.
Found 42 gold pieces.
You see here 42 gold pieces.
You see here 42 gold pieces.
You pay a tithe of 4 gold.
You now have 402 gold pieces (gained 38).
You are ready to recite again.
A green death comes into view.
You barely miss the green death. The green death gestures at you.
The poison arrow hits you!
You are poisoned.
* * * LOW HITPOINT WARNING * * *
You take 10 damage, and have 26/90 hp.
You feel sick.
You take 2 damage, and have 24/90 hp.
As you read the scroll of teleportation, it crumbles to dust.
You feel strangely unstable.
You feel the power of the Abyss delaying your translocation!
You feel sick. The green death hits you!
* * * LOW HITPOINT WARNING * * *
You take 13 damage, and have 11/90 hp.
You feel sick.
You feel sick. The green death gestures at you. The bolt of poison hits you!
You are lethally poisoned!
You die...

###### #
#########......
##2.@.....##. ...#
#...#§.###.##....#
. .# ##.....## .##
.#.###.. ..
.....#....##.###
...... . ###.
..### #. . ...#.
.. # #. #.#
§.#.#.. # .#. #.
#. .###.#.## . #
.. .. #.#..# ..#
#.. ##.. ## ..


You could see a green death.

Vanquished Creatures
  Erica (D:9)
  Maurice (D:9)
  Psyche (D:8)
  The ghost of jazmu the Magician, a novice OpAK of Lugonu (D:4)
  A hungry ghost (D:9)
  A water moccasin (D:8)
  2 orc warriors
  2 black bears
  2 ice beasts
  2 sky beasts (D:7)
  2 phantoms
  An ogre (D:7)
  A necrophage (D:8)
  3 centaurs
  A crocodile (Sewer)
  2 big kobolds
  8 bullfrogs
  2 howler monkeys
  A bullfrog zombie (D:5)
  A crimson imp (D:5)
  A quasit (D:7)
  5 orc priests
  A jelly (D:7)
  2 hounds
  Jessica (D:3)
  2 iguanas
  Natasha (D:3)
  7 orc wizards
  6 worker ants
  2 hound skeletons
  2 worker ant zombies
  3 gnolls
  A howler monkey skeleton (D:5)
  7 adders
  2 shadow imps
  An ooze (D:2)
  An adder skeleton (D:6)
  5 worms
  A dart slug (D:1)
  2 leopard geckos
  44 orcs
  3 giant cockroaches
  9 goblins
  4 hobgoblins
  12 jackals
  17 kobolds
  A quokka (D:2)
  A ball python (D:5)
  4 bats
  6 frilled lizards
  A jackal skeleton (D:3)
  A leopard gecko zombie (D:7)
  A quokka skeleton (D:4)
  A quokka zombie (D:8)
  5 rats
199 creatures vanquished.

Vanquished Creatures (collateral kills)
  A bullfrog (D:8)
  A howler monkey (D:8)
  An adder zombie (D:8)
3 creatures vanquished.

Vanquished Creatures (others)
  A kobold (D:9)
1 creature vanquished.

Grand Total: 203 creatures vanquished

Notes
Turn   | Place    | Note
-------+----------+-------------------------------------------
     0 | D:1      | Monsterracer the Hill Orc Warper began the quest for the Orb.
     0 | D:1      | Reached XP level 1. HP: 18/18 MP: 3/3
    62 | D:1      | Reached skill level 3 in Axes
   206 | D:1      | Reached XP level 2. HP: 22/25 MP: 4/4
   513 | D:1      | Reached skill level 4 in Axes
   814 | D:2      | Reached XP level 3. HP: 16/30 MP: 5/5
   815 | D:2      | HP: 15/30 [poisoned by an adder]
   822 | D:2      | HP: 13/30 [poisoned by an adder]
   829 | D:2      | HP: 12/30 [poisoned by an adder]
   837 | D:2      | HP: 10/30 [poisoned by an adder]
  1074 | D:1      | HP: 15/30 [gnoll/whip (7)]
  1083 | D:1      | HP: 6/30 [gnoll/whip (4)]
  1084 | D:1      | HP: 1/30 [gnoll/whip (5)]
  1089 | D:1      | HP: 1/30 [gnoll/whip (1)]
  1090 | D:1      | Reached skill level 5 in Axes
  1414 | D:1      | HP: 14/30 [worm (3)]
  1581 | D:2      | HP: 14/30 [gnoll/spear (7)]
  1584 | D:2      | Reached XP level 4. HP: 17/37 MP: 6/6
  1933 | D:2      | HP: 18/37 [poisoned by an adder]
  1939 | D:2      | HP: 14/37 [poisoned by an adder]
  1947 | D:2      | HP: 13/37 [poisoned by an adder]
  2471 | D:3      | Noticed Jessica
  2480 | D:3      | Killed Jessica
  2488 | D:3      | Reached XP level 5. HP: 33/45 MP: 7/7
  2603 | D:3      | Noticed Natasha
  2608 | D:3      | Killed Natasha
  2739 | D:3      | HP: 21/45 [orc wizard/dagger (2)]
  2742 | D:3      | Reached skill level 6 in Axes
  2745 | D:3      | HP: 18/45 [orc wizard/dagger (2)]
  3129 | D:3      | Reached XP level 6. HP: 40/51 MP: 8/8
  3966 | D:4      | Noticed jazmu's ghost (novice OpAK)
  4024 | D:4      | Killed jazmu's ghost
  4024 | D:4      | Reached skill level 7 in Axes
  4024 | D:4      | Reached XP level 7. HP: 51/60 MP: 9/9
  4269 | D:4      | Reached skill level 8 in Axes
  4311 | D:4      | Found a stormy altar of Qazlal.
  4496 | D:4      | Found an ancient bone altar of Kikubaaqudgha.
  4860 | D:5      | Entered Level 5 of the Dungeon
  4860 | D:5      | Found a glowing drain.
  4892 | Sewer    | Entered a sewer
  4908 | Sewer    | Reached skill level 5 in Fighting
  5162 | D:5      | Reached XP level 8. HP: 61/68 MP: 10/10
  5208 | D:5      | Found a staircase to the Ecumenical Temple.
  5224 | Temple   | Entered the Ecumenical Temple
  5628 | Temple   | Became a worshipper of Zin the Law-Giver
  5628 | Temple   | Reached * piety under Zin
  5940 | D:5      | Reached skill level 9 in Axes
  6007 | D:5      | Found a snail-covered altar of Cheibriados.
  6008 | D:5      | Found a hazy altar of Hepliaklqana.
  6032 | D:5      | Reached skill level 1 in Invocations
  6059 | D:5      | Reached ** piety under Zin
  6574 | D:6      | Found a shattered altar of Ashenzari.
  6582 | D:6      | Found a sacrificial altar of Ru.
  6587 | D:6      | Found a bloodstained altar of Trog.
  6799 | D:6      | Reached skill level 5 in Armour
  6834 | D:6      | Found a burning altar of Makhleb.
  6834 | D:6      | Found a radiant altar of Vehumet.
  6839 | D:6      | Found a faded altar of an unknown god.
  6841 | D:6      | Found a faded altar of an unknown god.
  6843 | D:6      | Found an iron altar of Okawaru.
  6956 | D:6      | Reached skill level 10 in Axes
  7248 | D:7      | Reached XP level 9. HP: 77/77 MP: 11/11
  7619 | D:7      | Reached skill level 11 in Axes
  8250 | D:8      | Reached skill level 5 in Invocations
  8790 | D:8      | Noticed Psyche
  8797 | D:8      | Killed Psyche
  8797 | D:8      | Reached skill level 12 in Axes
  8885 | D:8      | Reached *** piety under Zin
  8901 | D:8      | Found a hazy altar of Hepliaklqana.
  9336 | D:8      | Reached XP level 10. HP: 59/88 MP: 14/14
  9650 | D:9      | Found Duuwuocw's Antique Weapon Shoppe.
  9728 | D:9      | Noticed Erica
  9752 | D:9      | HP: 43/88 [something (6)]
  9754 | D:9      | HP: 13/88 [something/bolt of poison (26)]
  9757 | D:9      | Noticed Maurice
  9761 | D:9      | HP: 35/132 [something (1)]
  9766 | D:9      | Killed Erica
  9778 | D:8      | HP: 25/88 [big kobold/whip (1)]
 10060 | D:9      | Killed Maurice
 10146 | D:9      | HP: 43/90 [centaur (4)]
 10149 | D:9      | Reached skill level 13 in Axes
 10448 | D:9      | Reached **** piety under Zin
 10663 | D:9      | Noticed Erolcha
 10679 | D:9      | HP: 29/90 [something (17)]
 10681 | D:9      | HP: 8/90 [something (21)]
 10682 | D:9      | HP: 3/90 [something (6)]
 10685 | D:9      | Cast into level 1 of the Abyss (Erolcha)
 10744 | Abyss:1  | Noticed a green death
 10744 | Abyss:1  | HP: 26/90 [green death/poison arrow (10)]
 10746 | Abyss:1  | HP: 11/90 [green death (12)]
 10748 | Abyss:1  | Killed from afar by a green death

Skill      XL: |  1  2  3  4  5  6  7  8  9 10 |
---------------+-------------------------------+-----
Axes           | 3 4 5 6 7 8 10 12 13 | 13.1
Dodging        | 2 |  2.3
Fighting       | 3 4 5 6 7 8 |  8.5
Armour         | 2 3 4 5 6 7 |  7.5
Invocations    | 3 6 7 |  7.1
Throwing       | |  0.8
Spellcasting   | |  1.5
Translocations | |  2.4

Action                   |  1- 3 |  4- 6 |  7- 9 | 10-12 || total
-------------------------+-------+-------+-------+-------++-------
Melee: Hand axe          |    96 |   129 |       |       ||   225
       War axe           |       |    30 |   439 |   131 ||   600
Throw: Tomahawk          |       |     1 |     3 |       ||     4
Invok: Recite            |       |       |     1 |     1 ||     2
  Use: Scroll            |       |     8 |    10 |     1 ||    19
       Potion            |       |       |       |     6 ||     6
  Eat: Ration            |     1 |       |     2 |     2 ||     5
       Chunk             |       |     5 |    11 |     2 ||    18
Armor: Leather armour    |     4 |       |       |       ||     4
       Scale mail        |    17 |    44 |       |       ||    61
       Chain mail        |       |    15 |   267 |    74 ||   356
Dodge: Dodged            |    49 |    72 |   196 |    40 ||   357

Vault maps used:
D:1:      dpeg_arrival_pits
D:2:      minmay_statues_item, minmay_fountain_box
D:3:      minmay_bisected, uniq_jessica, uniq_natasha
D:4:      nicolae_qazlal_general_emergency, kennysheep_little_box
D:5:      gammafunk_temple_overflow_statue, minmay_temple_entry_mist,
          first_ration, cheibrodos_sewer_entry_drain, minmay_misc_feat_rows
D:6:      minmay_overflow_temple_star_quad, chequers_temple_overflow_minitemple
D:7:      grunt_ogre_cave
D:8:      basic_altar, uniq_psyche
D:9:      serial_shops, nicolae_shop_behind_doors, uniq_erolcha, uniq_erica,
          uniq_maurice
Temple:   minmay_temple_forest_path
Abyss:1:  minivault_26
Sewer:    sewer_the_crocodile
